 Dungeon Crawl Stone Soup version 0.30-a0-305-g026cb31310 (webtiles) character file.

Game seed: 3770439566072454925

87 GreatBamboolord the Grave Robber (level 4, 0/30 HPs)
             Began as a Vampire Necromancer on Oct 23, 2022.
             Killed from afar by a white imp (12 damage)
             ... with a puff of frost
             ... on level 3 of the Dungeon.
             The game lasted 00:06:39 (1710 turns).

GreatBamboolord the Grave Robber (VpNe)             Turns: 1710, Time: 00:06:40

Health: 0/30       AC:  4    Str:  7    XL:     4   Next: 28%
Magic:  7/8        EV: 16    Int: 19    God:
Gold:   96         SH:  0    Dex: 14    Spells: 4/8 levels left

rFire   . . .      SeeInvis +    (no weapon)
rCold   . . .      Faith    .    (no shield)
rNeg    . . .      Spirit   .    m - +2 robe
rPois   .          Reflect  .    (no helmet)
rElec   .          Harm     .    (no cloak)
rCorr   .          Rampage  .    (no gloves)
Will    .....                    (no boots)
Stlth   ++........               (no amulet)
HPRegen 0.45/turn                k - +4 ring of evasion
MPRegen 0.11/turn                (no ring)

@: healing quickly
A: alive, fangs 3, see invisible, vampiric 2
a: Exsanguinate


You were on level 3 of the Dungeon.
You visited 1 branch of the dungeon, and saw 3 of its levels.

You collected 96 gold pieces.

Inventory:

Armour
 d - the +2 robe "Ysuixkoc" {Rampage rN++ SInv Stlth-}
   (You found it on level 2 of the Dungeon)

   rN:        It greatly protects you from negative energy.
   SInv:      It lets you see invisible.
   Rampage:   It bestows one free step when moving towards enemies.
   Stlth:     It makes you less stealthy.
 m - a +2 robe (worn)
Jewellery
 k - a +4 ring of evasion (left hand)
Scrolls
 f - 2 scrolls of immolation
 h - 2 scrolls of noise
 i - a scroll of vulnerability
Potions
 b - 2 potions of magic
 c - a potion of berserk rage
 e - a potion of curing
 g - a potion of invisibility
 j - a potion of ambrosia {unknown}
 l - a potion of degeneration {unknown}


   Skills:
 * Level 2.5 Dodging
 + Level 3.1 Stealth
 + Level 0.3 Unarmed Combat
 * Level 2.8 Spellcasting
 * Level 0.6 Hexes
 * Level 5.5 Necromancy


You had 4 spell levels left.
You knew the following spells:

 Your Spells              Type           Power      Damage    Failure   Level
a - Necrotise             Necr           92%        1d8       1%          1
b - Vampiric Draining     Necr           23%        2d7       4%          3

Your spell library contained the following spells:

 Spells                   Type           Power      Damage    Failure   Level
 Animate Dead             Necr           23%        N/A       16%         4
 Gell's Gravitas          Tloc           2%         N/A       43%         3
 Lesser Beckoning         Tloc           4%         N/A       43%         3
 Teleport Other           Tloc           2%         N/A       43%         3
 Agony                    Necr           23%        N/A       41%         5


Dungeon Overview and Level Annotations

Branches:
Dungeon (3/15)

Altars:


Innate Abilities, Weirdness & Mutations

Your natural rate of healing is accelerated.
You have razor-sharp teeth.
You have supernaturally acute eyesight. (SInv)
You are afflicted with vampirism and can become a bat while bloodless.


Message History

Your frilled lizard skeleton bites the white imp but does no damage.
The white imp misses you.
You hit the white imp but do no damage.
The white imp is moderately wounded.
Your frilled lizard skeleton bites the white imp but does no damage.
The white imp hits you. The white imp freezes you.
* * * LOW HITPOINT WARNING * * *
You feel better. The white imp completely misses you.
Your frilled lizard skeleton bites the white imp.
You hit the white imp but do no damage.
The white imp is moderately wounded.
The white imp closely misses you.
You closely miss the white imp. Your bite misses the white imp.
The white imp is moderately wounded.
Your frilled lizard skeleton bites the white imp but does no damage.
The white imp closely misses you.
You completely miss the white imp.
The white imp is moderately wounded.
Your frilled lizard skeleton bites the white imp but does no damage.
The white imp gestures at you. The puff of frost hits you!
You hit the white imp. You bite the white imp.
The white imp is severely wounded.
Your frilled lizard skeleton bites the white imp.
The white imp grinds its teeth.
The white imp hits your frilled lizard skeleton.
The white imp freezes your frilled lizard skeleton.
Your frilled lizard skeleton completely resists.
You closely miss the white imp.
The white imp is almost dead.
Your frilled lizard skeleton bites the white imp but does no damage.
The white imp hits your frilled lizard skeleton.
The white imp freezes your frilled lizard skeleton.
Your frilled lizard skeleton completely resists.
You catch the helpless white imp completely off-guard!
You hit the white imp but do no damage.
The white imp is almost dead.
The white imp gestures at you. The puff of frost hits you!
You die...

#. . .# .###
...# ###.. # #
#...###.# ##.
##@5...#
..#...#!.Z######
#...$...#.#....#
..........#.##.#
#####.###.#.##.#
#.#<....##.#
#.#.#.####.#
......# #.#
...##.# #.###


You could see a white imp (ally target) and a friendly frilled lizard skeleton.

Vanquished Creatures
  Jessica (D:2)
  An adder (D:2)
  5 ball pythons
  4 endoplasms
  2 giant cockroaches
  3 goblins
  7 hobgoblins (D:1)
  3 quokkas
  4 bats
  4 frilled lizards
  3 kobolds (D:1)
  5 rats
42 creatures vanquished.

Vanquished Creatures (collateral kills)
  A dart slug (D:1)
  A bat (D:1)
  An endoplasm (D:1)
  A hobgoblin (D:1)
  A frilled lizard (D:1)
5 creatures vanquished.

Grand Total: 47 creatures vanquished

Notes
Turn   | Place    | Note
-------+----------+-------------------------------------------
     0 | D:1      | GreatBamboolord the Vampire Necromancer began the quest for
                  | the Orb.
     0 | D:1      | Reached XP level 1. HP: 13/13 MP: 3/3
   180 | D:1      | Reached XP level 2. HP: 18/19 MP: 1/5
   456 | D:1      | Found a faded altar of an unknown god.
   649 | D:1      | Reached skill level 5 in Necromancy
   657 | D:1      | Gained mutation: You are afflicted with vampirism and can
                  | become a bat while bloodless. [Vampire growth]
   657 | D:1      | Reached XP level 3. HP: 24/24 MP: 1/6
   868 | D:1      | Learned a level 3 spell: Vampiric Draining
  1347 | D:2      | Noticed Jessica
  1352 | D:2      | Killed Jessica
  1353 | D:2      | Reached XP level 4. HP: 30/30 MP: 2/8
  1443 | D:2      | Identified the +2 robe "Ysuixkoc" {Rampage rN++ SInv
                  | Stlth-}
  1710 | D:3      | Killed from afar by a white imp

Illustrated notes

Levels and vault maps discovered:
D:1:      dpeg_arrival_ternary, layout_basic, nicolae_ecumenical_lake_church
D:2:      layout_rooms, hangedman_feature_mirror, uniq_jessica
D:3:      minmay_spotlight, layout_basic, mainiacjoe_overflow_24_doors,
          ebering_ghost_disaster_area, minmay_between, uniq_sigmund

Skill      XL: |  1  2 |
---------------+-------+-----
Necromancy     | 5 |  5.5
Dodging        | |  2.5
Stealth        | |  3.1
Unarmed Combat | |  0.3
Spellcasting   | |  2.8
Hexes          | |  0.6

Action                   |  1- 3 |  4- 6 || total
-------------------------+-------+-------++-------
Melee: Unarmed           |    32 |    11 ||    43
       Bite              |     5 |     2 ||     7
 Cast: Necrotise         |    56 |     9 ||    65
  Use: Scroll            |       |     5 ||     5
       Potion            |       |     1 ||     1
 Stab: Distracted        |       |     1 ||     1
Armor: Robe              |     4 |     4 ||     8
Dodge: Dodged            |    23 |     9 ||    32

Table legend: (Time is in decaauts)
 A = Elapsed time spent in this place.
 B = Non-inter-level travel time spent in this place.
 C = Inter-level travel time spent in this place.
 D = Time resting spent in this place.
 E = Time spent auto-exploring this place.
 F = Levels seen in this place.
 G = Mean time per level.
                   A        B        C        D        E       F      G
               +--------+--------+--------+--------+--------+-----+--------+
         Total |   1715 |   1665 |     50 |      0 |   1389 |   3 |  571.7 |
       Dungeon |   1715 |   1665 |     50 |      0 |   1389 |   3 |  571.7 |
               +--------+--------+--------+--------+--------+-----+--------+

Top non-repeatable levels by time:
     D:1: 1094 daAuts
     D:2: 554 daAuts
     D:3: 66 daAuts
